 Dungeon Crawl Stone Soup version 0.32-a0-868-g153ae1a8d6 (webtiles) character file.

Game seed: 3997077966621958547

134 wilfster70 the Covered (level 5, -17/42 HPs)
             Began as a Formicid Fighter on Mar 28, 2024.
             Killed from afar by Ijyb (21 damage)
             ... with a bolt of acid
             ... on level 3 of the Dungeon.
             The game lasted 00:04:46 (1903 turns).

wilfster70 the Covered (Formicid Fighter)           Turns: 1903, Time: 00:04:46

Health: -17/42     AC:  5    Str: 23    XL:     5   Next: 40%
Magic:  5/5        EV:  7    Int:  7    God:
Gold:   157        SH:  4    Dex: 13    Spells: 4/4 levels left

rFire   . . .        a - +0 quarterstaff
rCold   . . .        c - +0 buckler
rNeg    . . .        g - +0 chain mail
rPois   .            (helmet unavailable)
rElec   .            (no cloak)
rCorr   .            (no gloves)
SInv    +            (no boots)
Will    .....        t - amulet of the acrobat Stlth
                     (no ring)
HPRegen 0.27/turn    (no ring)
MPRegen 0.09/turn

%: acrobat
@: corroded
A: permanent stasis, dig shafts and tunnels, antennae 3, four strong arms
a: Dig, Shaft Self


You were on level 3 of the Dungeon.
You visited 1 branch of the dungeon, and saw 3 of its levels.

You collected 157 gold pieces.

Inventory:

Hand Weapons
 a - a +0 quarterstaff (weapon)
Missiles
 i - 5 curare-tipped darts
Armour
 c - a +0 buckler (worn)
 g - a +0 chain mail (worn)
Jewellery
 t - an amulet of the acrobat (around neck)
Scrolls
 e - a scroll of noise {unknown}
 f - 2 scrolls of vulnerability {unknown}
 h - a scroll of acquirement {unknown}
 j - a scroll of fog {unknown}
 m - a scroll of identify {unknown}
 o - a scroll of teleportation {unknown}
 q - a scroll of brand weapon {unknown}
 r - a scroll of immolation {unknown}
 s - a scroll of amnesia {unknown}
Potions
 b - 2 potions of mutation {unknown}
 d - a potion of might
 k - a potion of brilliance {unknown}
 l - 4 potions of curing {unknown}
 n - a potion of heal wounds {unknown}
 p - a potion of enlightenment {unknown}


   Skills:
 + Level 4.2 Fighting
 * Level 3.9 Staves
 + Level 4.2 Armour
 - Level 4.0 Shields


You had 4 spell levels left.
You didn't know any spells.
Your spell library was empty.

Dungeon Overview and Level Annotations

Branches:
Dungeon (3/15)

Altars:

Annotations:
D:3 Ijyb


Innate Abilities, Weirdness & Mutations

You cannot be hasted, slowed, berserked, paralysed or teleported.
You can dig through walls and to a lower floor.
You have a pair of large antennae on your head. (SInv)
Your four strong arms can wield two-handed weapons with a shield.


Message History

The jackal attacks as it pursues you! The jackal misses you.
The jackal completely misses you. The jackal attacks as it pursues you!
The jackal completely misses you. The jackal misses you.
The jackal attacks as it pursues you! You block the jackal's attack.
The jackal misses you.
You sock the jackal!
You kill the jackal!
You hit the jackal but do no damage. You block the jackal's attack.
The jackal bites you.
You thump the jackal!
You kill the jackal!
You hit the jackal.
The jackal is heavily wounded.
The jackal bites you. The jackal barely misses you.
You closely miss the jackal.
The jackal is heavily wounded.
The jackal bites you but does no damage.
You barely miss the jackal.
The jackal is heavily wounded.
The jackal bites you. You block the jackal's attack.
You hit the jackal.
You kill the jackal!
You hit the endoplasm but do no damage. The endoplasm closely misses you.
You barely miss the endoplasm. The endoplasm freezes you.
You are frozen.
You hit the endoplasm.
The endoplasm is severely wounded.
The endoplasm freezes you.
You are frozen.
Ijyb zaps a wand.
The bolt of acid hits the endoplasm.
The endoplasm completely resists.
The bolt of acid hits you!
You sock the endoplasm!
You kill the endoplasm!
You hit Ijyb but do no damage.
Ijyb zaps a wand.
The bolt of acid hits you!
* * * LOW HITPOINT WARNING * * *
The acid corrodes you!
Ijyb zaps a wand.
The bolt of acid hits you!!
Ouch! That really hurt!
You die...
Ijyb moans, "Good help so hard to find!"

.# #.#......>............ .#
#.#.#######......##### .# #.#.#
####......# .# #.#.# #..†......#
. #.#.# #.........# #
#.#.####....######### ##########
#.#.#...............## .........#
#.#.#.##....#######.#. .........#
#.#.#@####### #.#.
.........###.#.#g# #.#.
#####......#...#.#############.#.
...........#####.##..........#.#.
..#...#...J......##..........#.#.
......#......................#...
..#.#.##.#...................#...
......#...#..................#...
......#......................#...


You could see Ijyb.

Vanquished Creatures
  Natasha (twice) (D:3)
  3 adders
  A ribbon worm (D:2)
  3 dart slugs
  3 orcs
  4 bats (D:1)
  3 endoplasms
  4 giant cockroaches
  4 goblins (D:1)
  3 hobgoblins
  3 jackals (D:3)
  2 quokkas
  3 ball pythons
  4 frilled lizards (D:1)
  2 kobolds (D:2)
  4 rats
48 creatures vanquished.

Notes
Turn   | Place    | Note
-------+----------+-------------------------------------------
     0 | D:1      | wilfster70 the Formicid Fighter began the quest for the
                  | Orb.
     0 | D:1      | Reached XP level 1. HP: 18/18 MP: 1/1
   105 | D:1      | Reached XP level 2. HP: 24/24 MP: 2/2
   367 | D:1      | Reached XP level 3. HP: 24/29 MP: 3/3
   775 | D:2      | Found a faded altar of an unknown god.
  1057 | D:2      | Reached XP level 4. HP: 37/37 MP: 4/4
  1738 | D:3      | Noticed Natasha
  1770 | D:3      | Killed Natasha
  1771 | D:3      | Reached XP level 5. HP: 34/42 MP: 5/5
  1780 | D:3      | Noticed Natasha
  1785 | D:3      | Killed Natasha
  1871 | D:3      | Noticed Ijyb
  1903 | D:3      | Killed from afar by Ijyb

Illustrated notes

Levels and vault maps discovered:
D:1:      lightli_arrival_chessboard, layout_basic
D:2:      layout_rooms, hellmonk_ecumenical_altar_pennies_from_heaven,
          minmay_hexomino_p4
D:3:      layout_basic, hangedman_decor_lopped, kennysheep_generic_room_16,
          uniq_natasha, uniq_ijyb

Skill      XL: |  1  2  3  4 |
---------------+-------------+-----
Staves         | 3 |  3.9
Fighting       | 4 |  4.2
Armour         | 4 |  4.2
Shields        | |  4.0

Action                     |  1- 3 |  4- 6 || total
---------------------------+-------+-------++-------
  Melee: Quarterstaff      |    75 |    67 ||   142
 Armour: Scale mail        |     8 |       ||     8
         Chain mail        |    69 |    47 ||   116
  Dodge: Dodged            |    28 |    39 ||    67
  Block: Buckler           |    15 |    20 ||    35

Table legend: (Time is in decaauts)
 A = Elapsed time spent in this place.
 B = Non-inter-level travel time spent in this place.
 C = Inter-level travel time spent in this place.
 D = Time resting spent in this place.
 E = Time spent auto-exploring this place.
 F = Levels seen in this place.
 G = Mean time per level.
                   A        B        C        D        E       F      G
               +--------+--------+--------+--------+--------+-----+--------+
         Total |   1929 |   1879 |     50 |     87 |    808 |   3 |  643.0 |
       Dungeon |   1929 |   1879 |     50 |     87 |    808 |   3 |  643.0 |
               +--------+--------+--------+--------+--------+-----+--------+

Top non-repeatable levels by time:
     D:1: 784 daAuts
     D:3: 674 daAuts
     D:2: 470 daAuts
